 Dungeon Crawl Stone Soup version 0.26-a0-663-g36e8fdb655 (webtiles) character file.

Game seed: 11489130826321394056

51 marklar909 the Vexing (level 4, 0/32 HPs)
             Began as a Formicid Arcane Marksman on Oct 12, 2020.
             Killed from afar by Sigmund (7 damage)
             ... with a puff of flame
             ... on level 2 of the Dungeon.
             The game lasted 00:02:20 (1510 turns).

marklar909 the Vexing (Formicid Arcane Marksman)    Turns: 1510, Time: 00:02:20

Health: 0/32       AC:  5    Str: 15    XL:     4   Next: 7%
Magic:  6/6        EV: 11    Int: 12    God:
Gold:   42         SH:  0    Dex: 12    Spells: 5/6 levels left

rFire    . . .     SeeInvis +   a - +0 hunting sling
rCold    . . .     Faith    .   (no shield)
rNeg     . . .     Spirit   .   j - +0 ring mail
rPois    .         Reflect  .   (helmet unavailable)
rElec    .         Harm     .   (no cloak)
rCorr    .         Rampage  .   (no gloves)
MR       .....                  (no boots)
Stlth    ..........             (no amulet)
HPRegen  0.10/turn              (no ring)
MPRegen  0.10/turn              (no ring)

@: confused
A: permanent stasis, dig shafts and tunnels, four strong arms, antennae 3
a: Dig, Shaft Self


You were on level 2 of the Dungeon.
You visited 1 branch of the dungeon, and saw 2 of its levels.

You collected 42 gold pieces.

Inventory:

Hand Weapons
 a - a +0 hunting sling (weapon)
Missiles
 c - 26 stones (quivered)
 d - 19 sling bullets
Armour
 j - a +0 ring mail (worn)
Scrolls
 b - 3 scrolls of fear {unknown}
 i - a scroll of magic mapping {unknown}
Potions
 f - a potion of heal wounds {unknown}
 g - a potion of ambrosia {unknown}
 h - a potion of degeneration {unknown}


   Skills:
 + Level 1.4 Fighting
 + Level 3.0 Slings
 + Level 1.3 Armour
 + Level 1.8 Dodging
 + Level 1.6 Spellcasting
 + Level 4.2 Hexes


You had 5 spell levels left.
You knew the following spells:

 Your Spells              Type           Power        Failure   Level
a - Corona                Hex            ##.....      10%         1

Your spell library contained the following spells:

 Spells                   Type           Power        Failure   Level
 Slow                     Hex            ##......     14%         2
 Inner Flame              Hex/Fire       #.......     56%         3
 Portal Projectile        Hex/Tloc       #.....       56%         3
 Cause Fear               Hex            ##........   67%         4
 Leda's Liquefaction      Hex/Erth       #.........   92%         4


Dungeon Overview and Level Annotations

Branches:
Dungeon (2/15)

Altars:

Annotations:
D:2 Sigmund


Innate Abilities, Weirdness & Mutations

You cannot be hasted, slowed, berserked, paralysed or teleported.
You can dig through walls and to a lower floor.
Your four strong arms can wield two-handed weapons with a shield.
You have a pair of large antennae on your head. (SInv)


Message History

You shoot a stone. The stone barely misses Sigmund.
Sigmund points at you and mumbles some strange words.
The puff of flame hits you.
Sigmund hits you from afar with a +0 scythe!
* * * LOW HITPOINT WARNING * * *
Unknown command.
Unknown command.
Firing (i - inventory. (/) - cycle)
c - 28 stones (quivered)
Press: ? - help, Shift-Dir - straight line, f/p - Sigmund
Aim: Sigmund, wielding a +0 scythe and wearing a +0 robe (almost dead, slightly transparent)
You shoot a stone.
Unknown command.
Unknown command.
Firing (i - inventory. (/) - cycle)
c - 27 stones (quivered)
Press: ? - help, Shift-Dir - straight line, f/p - Sigmund
Aim: Sigmund, wielding a +0 scythe and wearing a +0 robe (almost dead, slightly transparent)
You shoot a stone. Sigmund casts a spell at you. The puff of flame hits you!
You die...

<)†))÷##.#.##...#
##........... ..#
#.#####.#.##...#
#.#####......#
#.......#.####
#########.#
########.# {
.........#######
########.....(@#
{ #.#####.# #.#
#@# #.##..(r...#
#.##.##(##..#
#.## #.# #.# #..
..# .# ### ((.
###


You could see Sigmund (invisible) and a rat.

Vanquished Creatures
  Robin (D:1)
  A dart slug (D:1)
  A leopard gecko (D:1)
  A giant cockroach (D:1)
  12 goblins
  7 hobgoblins
  4 kobolds (D:1)
  A bat (D:1)
  2 frilled lizards (D:1)
  4 rats
34 creatures vanquished.

Notes
Turn   | Place    | Note
-------+----------+-------------------------------------------
     0 | D:1      | marklar909 the Formicid Arcane Marksman began the quest for
                  | the Orb.
     0 | D:1      | Reached XP level 1. HP: 15/15 MP: 2/2
   262 | D:1      | Reached XP level 2. HP: 21/21 MP: 3/3
   312 | D:1      | Reached skill level 4 in Hexes
   961 | D:2      | Noticed Sigmund
  1001 | D:2      | Reached XP level 3. HP: 26/26 MP: 3/5
  1023 | D:2      | Identified the +2 helmet of Ecamiu {rF+ MR+ Dex-4}
  1023 | D:2      | Noticed Robin
  1232 | D:1      | Killed Robin
  1232 | D:1      | Reached skill level 1 in Armour
  1308 | D:2      | Reached XP level 4. HP: 20/32 MP: 2/6
  1510 | D:2      | Killed from afar by Sigmund

Illustrated notes

Levels and vault maps discovered:
D:1:      evilmike_arrival_plus, layout_basic
D:2:      layout_loops_cross, chequers_ecumenical_altar_simple,
          minmay_goblin_outpost, uniq_sigmund, uniq_natasha, uniq_robin

Skill      XL: |  1  2  3  4 |
---------------+-------------+-----
Hexes          | 4 |  4.2
Armour         | 1 |  1.3
Slings         | 3 |  3.0
Fighting       | |  1.4
Dodging        | |  1.8
Spellcasting   | |  1.6

Action                   |  1- 3 |  4- 6 || total
-------------------------+-------+-------++-------
 Fire: Hunting sling     |   109 |    34 ||   143
 Cast: Corona            |    23 |     1 ||    24
Armor: Robe              |     3 |       ||     3
       Ring mail         |    21 |       ||    21
Dodge: Dodged            |    42 |    12 ||    54

Table legend: (Time is in decaauts)
 A = Elapsed time spent in this place.
 B = Non-inter-level travel time spent in this place.
 C = Inter-level travel time spent in this place.
 D = Time resting spent in this place.
 E = Time spent auto-exploring this place.
 F = Levels seen in this place.
 G = Mean time per level.
                   A        B        C        D        E       F      G
               +--------+--------+--------+--------+--------+-----+--------+
         Total |   1523 |   1461 |     62 |     10 |   1104 |   2 |  761.5 |
       Dungeon |   1523 |   1461 |     62 |     10 |   1104 |   2 |  761.5 |
               +--------+--------+--------+--------+--------+-----+--------+

Top non-repeatable levels by time:
     D:1: 1217 daAuts
     D:2: 305 daAuts
